Workbook

Sheet Приложение 1
C1: Приложение 1 к решению Совета депутатовЛипкинского сельского поселения Ромодановского муниципального района Республики Мордовия «О внесении изменений в решение Совета депутатов Липкинского сельского поселения Ромодановского муниципального района Республики Мордовия от 29 декабря 2022 г № 33 «О бюджете Липкинского сельского поселения Ромодановского муниципального района Республики Мордовия на 2023 год и на плановый период 2024 и 2025 годов»
C2: Приложение 2 к решению Совета депутатов Липкинского сельского поселения Ромодановского муниципального района Республики Мордовия «О бюджете Липкинского сельского поселения Ромодановского муниципального района Республики Мордовия на 2023 год и на плановый период 2024 и 2025 годов»
A7: ОБЪЕМ БЕЗВОЗМЕЗДНЫХ ПОСТУПЛЕНИЙ В БЮДЖЕТ ЛИПКИНСКОГО СЕЛЬСКОГО ПОСЕЛЕНИЯ РОМОДАНОВСКОГО МУНИЦИПАЛЬНОГО РАЙОНА РЕСПУБЛИКИ МОРДОВИЯ НА 2023 ГОД И НА ПЛАНОВЫЙ ПЕРИОД 2024 И 2025 ГОДОВ
E8: (тыс. рублей)
A9: Код | B9: Наименование | C9: Сумма
C10: 2023 год | D10: 2024 год | E10: 2025 год
A11: 1 | B11: 2 | C11: 3 | D11: 4 | E11: 5
A12: 2 00 00000 00 0000 000 | B12: БЕЗВОЗМЕЗДНЫЕ ПОСТУПЛЕНИЯ | C12: =C13 -> 1898.5 | D12: =D13 -> 414.4 | E12: =E13 -> 459.4
A13: 2 02 00000 00 0000 000 | B13: Безвозмездные поступления от других бюджетов бюджетной системы Российской Федерации | C13: =C14+C22+C27+C20+C30 -> 1898.5 | D13: =D14+D22+D27 -> 414.4 | E13: =E14+E22+E27 -> 459.4
A14: 2 02 10000 00 0000 150 | B14: Дотации бюджетам бюджетной системы Российской Федерации | C14: =C15+C17 -> 560 | D14: =D15 -> 141.6 | E14: =E15 -> 182.3
A15: 2 02 15001 00 0000 150 | B15: Дотации на выравнивание бюджетной обеспеченности | C15: =C16 -> 147.8 | D15: =D16 -> 141.6 | E15: =E16 -> 182.3
A16: 2 02 15001 10 0000 150 | B16: Дотации бюджетам сельских поселений на выравнивание бюджетной обеспеченности из бюджета субъекта Российской Федерации | C16: 147.8 | D16: 141.6 | E16: 182.3
A17: 2 02 15002 00 0000 150 | B17: Дотация бюджетам на поддержку мер по обеспечению сбалансированности бюджетов | C17: =C18 -> 412.2
A18: 2 02 15002 10 0000 150 | B18: Дотации бюджетам сельских поселений на поддержку мер по обеспечению сбалансированности бюджетов | C18: 412.2
A19: 2 02 20000 00 0000 150 | B19: Субсидии бюджетам бюджетной системы Российской Федерации (межбюджетные субсидии) | C19: =C20 -> 563.7
A20: 2 02 29999 00 0000 150 | B20: Прочие субсидии | C20: =C21 -> 563.7
A21: 2 02 49999 10 0000 150 | B21: Прочие субсидии бюджетам сельских поселений | C21: 563.7
A22: 2 02 30000 00 0000 150 | B22: Субвенции бюджетам бюджетной системы Российской Федерации | C22: =C23+C25 -> 109.6 | D22: =D23+D25 -> 114.7 | E22: =E23+E25 -> 119
A23: 2 02 30024 00 0000 150 | B23: Субвенции местным бюджетам на выполнение передаваемых полномочий субъектов Российской Федерации | C23: =C24 -> 0.3 | D23: =D24 -> 0.3 | E23: =E24 -> 0.3
A24: 2 02 30024 10 0000 150 | B24: Субвенции бюджетам сельских поселений на выполнение передаваемых полномочий субъектов Российской Федерации | C24: 0.3 | D24: 0.3 | E24: 0.3
A25: 2 02 35118 00 0000 150 | B25: Субвенции бюджетам на осуществление первичного воинского учета органам местного самоуправления поселений,муниципальных и городских органов | C25: =C26 -> 109.3 | D25: =D26 -> 114.4 | E25: =E26 -> 118.7
A26: 2 02 35118 10 0000 150 | B26: Субвенции бюджетам сельских поселений на осуществление первичного воинского учета органам местного самоуправления поселений,муниципальных и городских органов | C26: 109.3 | D26: 114.4 | E26: 118.7
A27: 2 02 40000 00 0000 150 | B27: Иные межбюджетные трансферты | C27: =C28 -> 558.6 | D27: =D28 -> 158.1 | E27: =E28 -> 158.1
A28: 2 02 40014 00 0000 150 | B28: Межбюджетные трансферты, передаваемые бюджетам муниципальных образований на осуществление части полномочий по решению вопросов местного значения в соответствии с заключенными соглашениями | C28: =C29 -> 558.6 | D28: =D29 -> 158.1 | E28: =E29 -> 158.1
A29: 2 02 40014 10 0000 150 | B29: Межбюджетные трансферты, передаваемые бюджетам сельских поселений из бюджетов муниципальных районов на осуществление части полномочий по решению вопросов местного значения в соответствии с заключенными соглашениями | C29: 558.6 | D29: 158.1 | E29: 158.1
A30: 2 02 49999 00 0000 150 | B30: Прочие межбюджетные трансферты, передаваемые бюджетам | C30: =C31 -> 106.6
A31: 2 02 49999 10 0000 150 | B31: Прочие межбюджетные трансферты, передаваемые бюджетам сельских поселений | C31: 106.6

Sheet Приложение2
I1: Приложение 2 к решению Совета депутатовЛипкинского сельского поселения Ромодановского муниципального района Республики Мордовия «О внесении изменений в решение Совета депутатов Липкинского сельского поселения Ромодановского муниципального района Республики Мордовия от 29 декабря 2022 г № 33 «О бюджете Липкинского сельского поселения Ромодановского муниципального района Республики Мордовия на 2023 год и на плановый период 2024 и 2025 годов»
I2: Приложение 3 к решению Совета депутатов Липкинского сельского поселения Ромодановского муниципального района Республики Мордовия «О бюджете Липкинского сельского поселения Ромодановского муниципального района Республики Мордовия на 2023 год и на плановый период 2024 и 2025 годов»
A3: ВЕДОМСТВЕННАЯ СТРУКТУРА РАСХОДОВ БЮДЖЕТА ЛИПКИНСКОГО СЕЛЬСКОГО ПОСЕЛЕНИЯ РОМОДАНОВСКОГО МУНИЦИПАЛЬНОГО РАЙОНА РЕСПУБЛИКИ МОРДОВИЯ НА 2023 ГОД И НА ПЛАНОВЫЙ ПЕРИОД 2024 И 2025 ГОДОВ
I4: (тыс. рублей)
A5: Наименование | B5: Адм | C5: Рз | D5: Прз | E5: Цср | I5: Вр | J5: Сумма
J6: 2023 год | K6: 2024 год | L6: 2025 год
A7: 1 | B7: 2 | C7: 3 | D7: 4 | E7: 5 | F7: 6 | G7: 7 | H7: 8 | I7: 9 | J7: 10 | K7: 11 | L7: 12
A8: Администрация Липкинского сельского поселения Ромодановского муниципального района Республики Мордовия | B8: 917 | J8: =J9+J44+J61+J74+J99+J106+J54 -> 2484.1 | K8: =K9+K44+K61+K74+K99+K113+K106 -> 880.8 | L8: =L9+L44+L61+L74+L99+L113+L106 -> 894.4
A9: Общегосударственные вопросы | B9: 917 | C9: 01 | J9: =J10+J19+J38 -> 1434.4 | K9: =K10+K19+K38 -> 380.5 | L9: =L10+L19+L38 -> 363.6
A10: Функционирование высшего должностного лица субъекта Российской Федерации и муниципального образования | B10: 917 | C10: 01 | D10: 02 | J10: =J11 -> 461.3 | K10: =K11 -> 161.1 | L10: =L11 -> 140.8
A11: Обеспечение деятельности Администрации Липкинского сельского поселения Ромодановского муниципального района Республики Мордовия | B11: 917 | C11: 01 | D11: 02 | E11: 65 | J11: =J12 -> 461.3 | K11: =K12 -> 161.1 | L11: =L12 -> 140.8
A12: Высшее должностное лицо | B12: 917 | C12: 01 | D12: 02 | E12: 65 | F12: 1 | J12: =J13+J16 -> 461.3 | K12: =K13 -> 161.1 | L12: =L13 -> 140.8
A13: Расходы на выплаты по оплате труда высшего должностного лица | B13: 917 | C13: 01 | D13: 02 | E13: 65 | F13: 1 | G13: 00 | H13: 41150 | J13: =J14 -> 259.3 | K13: =K14 -> 161.1 | L13: =L14 -> 140.8
A14: Расходы на выплаты персоналу в целях обеспечения выполнения функций государственными (муниципальными) органами, казенными учреждениями, органами управления государственными внебюджетными фондами | B14: 917 | C14: 01 | D14: 02 | E14: 65 | F14: 1 | G14: 00 | H14: 41150 | I14: 100 | J14: =J15 -> 259.3 | K14: =K15 -> 161.1 | L14: =L15 -> 140.8
A15: Расходы на выплаты персоналу государственных (муниципальных) органов | B15: 917 | C15: 01 | D15: 02 | E15: 65 | F15: 1 | G15: 00 | H15: 41150 | I15: 120 | J15: 259.3 | K15: 161.1 | L15: 140.8
A16: Субсидии на софинансирование расходных обязательств по финансовому обеспечению деятельности органов местного самоуправления и муниципальных учреждений | B16: 917 | C16: 01 | D16: 02 | E16: 65 | F16: 1 | G16: 00 | H16: 44205 | J16: =J17 -> 202
A17: =A14 -> Расходы на выплаты персоналу в целях обеспечения выполнения функций государственными (муниципальными) органами, казенными учреждениями, органами управления государственными внебюджетными фондами | B17: 917 | C17: 01 | D17: 02 | E17: 65 | F17: 1 | G17: 00 | H17: 44205 | I17: 100 | J17: =J18 -> 202
A18: =A15 -> Расходы на выплаты персоналу государственных (муниципальных) органов | B18: 917 | C18: 01 | D18: 02 | E18: 65 | F18: 1 | G18: 00 | H18: 44205 | I18: 120 | J18: 202
A19: Функционирование Правительства Российской Федерации, высших исполнительных органов государственной власти субъектов Российской Федерации, местных администраций | B19: 917 | C19: 01 | D19: 04 | J19: =J20+J33 -> 967.1 | K19: =K20+K33 -> 214.4 | L19: =L20+L33 -> 217.8
A20: =A11 -> Обеспечение деятельности Администрации Липкинского сельского поселения Ромодановского муниципального района Республики Мордовия | B20: 917 | C20: 01 | D20: 04 | E20: 65 | J20: =J21 -> 966.8 | K20: =K21 -> 214.1 | L20: =L21 -> 217.5
A21: Расходы в рамках обеспечения деятельности Администрации Липкинского сельского поселения | B21: 917 | C21: 01 | D21: 04 | E21: 65 | F21: 2 | J21: =J22+J25+J30 -> 966.8 | K21: =K22+K25 -> 214.1 | L21: =L22+L25 -> 217.5
A22: Расходы на выплаты по оплате труда работников органов местного самоуправления | B22: 917 | C22: 01 | D22: 04 | E22: 65 | F22: 2 | G22: 00 | H22: 41110 | J22: =J23 -> 331 | K22: =K23 -> 61.1 | L22: =L23 -> 46.8
A23: Расходы на выплаты персоналу в целях обеспечения выполнения функций государственными (муниципальными) органами, казенными учреждениями, органами управления государственными внебюджетными фондами | B23: 917 | C23: 01 | D23: 04 | E23: 65 | F23: 2 | G23: 00 | H23: 41110 | I23: 100 | J23: =J24 -> 331 | K23: =K24 -> 61.1 | L23: =L24 -> 46.8
A24: Расходы на выплаты персоналу государственных (муниципальных) органов | B24: 917 | C24: 01 | D24: 04 | E24: 65 | F24: 2 | G24: 00 | H24: 41110 | I24: 120 | J24: 331 | K24: 61.1 | L24: 46.8
A25: Расходы на обеспечение функций органов местного самоуправления | B25: 917 | C25: 01 | D25: 04 | E25: 65 | F25: 2 | G25: 00 | H25: 41120 | J25: =J26+J28 -> 268.4 | K25: =K26+K28 -> 153 | L25: =L26+L28 -> 170.7
A26: Закупка товаров, работ и услуг для обеспечения государственных (муниципальных) нужд | B26: 917 | C26: 01 | D26: 04 | E26: 65 | F26: 2 | G26: 00 | H26: 41120 | I26: 200 | J26: =J27 -> 266.6 | K26: =K27 -> 148 | L26: =L27 -> 165.7
A27: Иные закупки товаров, работ и услуг для обеспечения государственных (муниципальных) нужд | B27: 917 | C27: 01 | D27: 04 | E27: 65 | F27: 2 | G27: 00 | H27: 41120 | I27: 240 | J27: 266.6 | K27: 148 | L27: 165.7
A28: Иные бюджетные ассигнования | B28: 917 | C28: 01 | D28: 04 | E28: 65 | F28: 2 | G28: 00 | H28: 41120 | I28: 800 | J28: =J29 -> 1.8 | K28: =K29 -> 5 | L28: =L29 -> 5
A29: Уплата налогов, сборов и иных платежей | B29: 917 | C29: 01 | D29: 04 | E29: 65 | F29: 2 | G29: 00 | H29: 41120 | I29: 850 | J29: 1.8 | K29: 5 | L29: 5
A30: =A16 -> Субсидии на софинансирование расходных обязательств по финансовому обеспечению деятельности органов местного самоуправления и муниципальных учреждений | B30: 917 | C30: 01 | D30: 04 | E30: 65 | F30: 2 | G30: 00 | H30: 44205 | J30: =J31 -> 367.4
A31: =A23 -> Расходы на выплаты персоналу в целях обеспечения выполнения функций государственными (муниципальными) органами, казенными учреждениями, органами управления государственными внебюджетными фондами | B31: 917 | C31: 01 | D31: 04 | E31: 65 | F31: 2 | G31: 00 | H31: 44205 | I31: 100 | J31: 367.4
A32: =A24 -> Расходы на выплаты персоналу государственных (муниципальных) органов | B32: 917 | C32: 01 | D32: 04 | E32: 65 | F32: 2 | G32: 00 | H32: 44205 | I32: 120 | J32: =J31 -> 367.4
A33: Непрограммные расходы главных распорядителей средств бюджета Липкинского сельского поселения Ромодановского муниципального района Республики Мордовия | B33: 917 | C33: 01 | D33: 04 | E33: 89 | J33: =J34 -> 0.3 | K33: =K34 -> 0.3 | L33: =L34 -> 0.3
A34: Непрограммные расходы в рамках обеспечения деятельности главных распорядителей средств бюджета Липкинского сельского поселения Ромодановского муниципального района Республики Мордовия | B34: 917 | C34: 01 | D34: 04 | E34: 89 | F34: 1 | J34: =J35 -> 0.3 | K34: =K35 -> 0.3 | L34: =L35 -> 0.3
A35: Осуществление государственных полномочий Республики Мордовия по определению перечня должностных лиц, уполномоченных составлять протоколы об административных правонарушениях, предусмотренных Законом Республики Мордовия от 15 июня 2015 года № 38-З "Об административной ответственности на территории Республики Мордовия" | B35: 917 | C35: 01 | D35: 04 | E35: 89 | F35: 1 | G35: 00 | H35: 77150 | J35: =J36 -> 0.3 | K35: =K36 -> 0.3 | L35: =L36 -> 0.3
A36: Закупка товаров, работ и услуг для обеспечения государственных (муниципальных) нужд | B36: 917 | C36: 01 | D36: 04 | E36: 89 | F36: 1 | G36: 00 | H36: 77150 | I36: 200 | J36: =J37 -> 0.3 | K36: =K37 -> 0.3 | L36: =L37 -> 0.3
A37: Иные закупки товаров, работ и услуг для обеспечения государственных (муниципальных) нужд | B37: 917 | C37: 01 | D37: 04 | E37: 89 | F37: 1 | G37: 00 | H37: 77150 | I37: 240 | J37: 0.3 | K37: 0.3 | L37: 0.3
A38: Другие общегосударственные вопросы | B38: 917 | C38: 01 | D38: 13 | J38: =J39 -> 6 | K38: =K39 -> 5 | L38: =L39 -> 5
A39: Непрограммные расходы главных распорядителей средств бюджета Липкинского сельского поселения Ромодановского муниципального района Республики Мордовия | B39: 917 | C39: 01 | D39: 13 | E39: 89 | J39: =J40 -> 6 | K39: =K40 -> 5 | L39: =L40 -> 5
A40: Непрограммные расходы в рамках обеспечения деятельности главных распорядителей средств бюджета Липкинского сельского поселения Ромодановского муниципального района Республики Мордовия | B40: 917 | C40: 01 | D40: 13 | E40: 89 | F40: 1 | J40: =J41 -> 6 | K40: =K41 -> 5 | L40: =L41 -> 5
A41: Мероприятия,связанные с муниципальным управлением | B41: 917 | C41: 01 | D41: 13 | E41: 89 | F41: 1 | G41: 00 | H41: 41210 | J41: =J43 -> 6 | K41: =K43 -> 5 | L41: =L43 -> 5
A42: Иные бюджетные ассигнования | B42: 917 | C42: 01 | D42: 13 | E42: 89 | F42: 1 | G42: 00 | H42: 41210 | I42: 800 | J42: =J43 -> 6 | K42: =K43 -> 5 | L42: =L43 -> 5
A43: =A29 -> Уплата налогов, сборов и иных платежей | B43: 917 | C43: 01 | D43: 13 | E43: 89 | F43: 1 | G43: 00 | H43: 41210 | I43: 850 | J43: 6 | K43: 5 | L43: 5
A44: Национальная оборона | B44: 917 | C44: 02 | J44: =J45 -> 109.3 | K44: =K45 -> 114.4 | L44: =L45 -> 118.7
A45: Мобилизационная и вневойсковая подготовка | B45: 917 | C45: 02 | D45: 03 | J45: =J46 -> 109.3 | K45: =K46 -> 114.4 | L45: =L46 -> 118.7
A46: Государственная программа поывшения эффективности управления государственными финансами в Республике Мордовия | B46: 917 | C46: 02 | D46: 03 | E46: 17 | J46: =J47 -> 109.3 | K46: =K47 -> 114.4 | L46: =L47 -> 118.7
A47: Подпрограмма "Повышения эффективности межбюджетных отношений" | B47: 917 | C47: 02 | D47: 03 | E47: 17 | F47: 3 | J47: =J48 -> 109.3 | K47: =K48 -> 114.4 | L47: =L48 -> 118.7
A48: Основное мероприятие "Обеспечение и осуществления органами местного самоуправления отдельных государственных полномочий" | B48: 917 | C48: 02 | D48: 03 | E48: 17 | F48: 3 | G48: 02 | J48: =J49 -> 109.3 | K48: =K49 -> 114.4 | L48: =L49 -> 118.7
A49: Осуществление государственных полномочий Российской Федерации по первичному воинскому учету на территориях, где отсутствуют военные комиссариаты | B49: 917 | C49: 02 | D49: 03 | E49: 17 | F49: 3 | G49: 02 | H49: 51180 | J49: =J52+J50 -> 109.3 | K49: =K50+K52 -> 114.4 | L49: =L52+L50 -> 118.7
A50: Расходы на выплаты персоналу в целях обеспечения выполнения функций государственными (муниципальными) органами, казенными учреждениями, органами управления государственными внебюджетными фондами | B50: 917 | C50: 02 | D50: 03 | E50: 17 | F50: 3 | G50: 02 | H50: 51180 | I50: 100 | J50: =J51 -> 104.3 | K50: =K51 -> 109.4 | L50: =L51 -> 114.7
A51: Расходы на выплаты персоналу государственных (муниципальных) органов | B51: 917 | C51: 02 | D51: 03 | E51: 17 | F51: 3 | G51: 02 | H51: 51180 | I51: 120 | J51: 104.3 | K51: 109.4 | L51: 114.7
A52: Закупка товаров, работ и услуг для обеспечения государственных (муниципальных) нужд | B52: 917 | C52: 02 | D52: 03 | E52: 17 | F52: 3 | G52: 02 | H52: 51180 | I52: 200 | J52: =J53 -> 5 | K52: =K53 -> 5 | L52: =L53 -> 4
A53: Иные закупки товаров, работ и услуг для обеспечения государственных (муниципальных) нужд | B53: 917 | C53: 02 | D53: 03 | E53: 17 | F53: 3 | G53: 02 | H53: 51180 | I53: 240 | J53: 5 | K53: 5 | L53: 4
A54: Национальная безопасность и правоохранительная деятельность | B54: 917 | C54: 03 | J54: =J55 -> 37.6
A55: Защита населения и территории от чрезвычайных ситуаций природного и техногенного характера, пожарная безопасность | B55: 917 | C55: 03 | D55: 10 | J55: =J56 -> 37.6
A56: =A76 -> Непрограммные расходы главных распорядителей средств бюджета Липкинского сельского поселения Ромодановского муниципального района Республики Мордовия | B56: 917 | C56: 03 | D56: 10 | E56: 89 | J56: =J57 -> 37.6
A57: =A77 -> Непрограммные расходы в рамках обеспечения деятельности главных распорядителей средств бюджета Липкинского сельского поселения Ромодановского муниципального района Республики Мордовия | B57: 917 | C57: 03 | D57: 10 | E57: 89 | F57: 1 | G57: 00 | J57: =J58 -> 37.6
A58: Выполнение работ на гидротехнических сооружениях по пропуску весеннего паводка | B58: 917 | C58: 03 | D58: 10 | E58: 89 | F58: 1 | G58: 00 | H58: 80190 | J58: =J59 -> 37.6
A59: =A66 -> Закупка товаров, работ и услуг для обеспечения государственных (муниципальных) нужд | B59: 917 | C59: 03 | D59: 10 | E59: 89 | F59: 1 | G59: 00 | H59: 80190 | I59: 200 | J59: =J60 -> 37.6
A60: =A80 -> Иные закупки товаров, работ и услуг для обеспечения государственных (муниципальных) нужд | B60: 917 | C60: 03 | D60: 10 | E60: 89 | F60: 1 | G60: 00 | H60: 80190 | I60: 240 | J60: 37.6
A61: Национальная экономика | B61: 917 | C61: 04 | J61: =J62+J68 -> 506.1 | K61: =K62 -> 158.1 | L61: =L62 -> 158.1
A62: Дорожное хозяйство (дорожные фонды) | B62: 917 | C62: 04 | D62: 09 | J62: =J63 -> 138.1 | K62: =K63 -> 158.1 | L62: =L63 -> 158.1
A63: Муниципальная программа "Комплексного развития транспортной инфраструктуры Липкинского сельского поселения Ромодановского муниципального района Республики Мордовия на 2018- 2028 года" | B63: 917 | C63: 04 | D63: 09 | E63: 13 | J63: =J65 -> 138.1 | K63: =K65 -> 158.1 | L63: =L65 -> 158.1
A64: Основное мероприятие "Содействие развитию систем автомобильтных дорог общего пользования,регионального и или межмуниципального,а так же мнстного значения" | B64: 917 | C64: 04 | D64: 09 | E64: 13 | F64: 0 | G64: 01 | J64: =J65 -> 138.1 | K64: =K65 -> 158.1 | L64: =L65 -> 158.1
A65: Иные межбюджетные трансферты на осуществление полномочий по дорожной деятельности в отношении автомобильных дорог местного значения в границах населенных пунктов поселения и обеспечению безопасности дорожного движения на них, включая создание и обеспечение функционирования парковок (парковочных мест), осуществлению муниципального контроля за сохранностью автомобильных дорог местного значения в границах населенных пунктов поселения, организации дорожного движения, а также осуществлению иных полномочий в области использования автомобильных дорог и осуществления дорожной деятельности в соответствии с законодательством Российской Федерации | B65: 917 | C65: 04 | D65: 09 | E65: 13 | F65: 0 | G65: 01 | H65: 44102 | J65: =J66 -> 138.1 | K65: =K66 -> 158.1 | L65: =L66 -> 158.1
A66: Закупка товаров, работ и услуг для обеспечения государственных (муниципальных) нужд | B66: 917 | C66: 04 | D66: 09 | E66: 13 | F66: 0 | G66: 01 | H66: 44102 | I66: 200 | J66: =J67 -> 138.1 | K66: =K67 -> 158.1 | L66: =L67 -> 158.1
A67: Иные закупки товаров, работ и услуг для обеспечения государственных (муниципальных) нужд | B67: 917 | C67: 04 | D67: 09 | E67: 13 | F67: 0 | G67: 01 | H67: 44102 | I67: 240 | J67: 138.1 | K67: 158.1 | L67: 158.1
A68: другие воросы в облости национальной экономики | B68: 917 | C68: 04 | D68: 12 | J68: =J69 -> 368
A69: =A56 -> Непрограммные расходы главных распорядителей средств бюджета Липкинского сельского поселения Ромодановского муниципального района Республики Мордовия | B69: 917 | C69: 04 | D69: 12 | E69: 89 | J69: =J70 -> 368
A70: =A57 -> Непрограммные расходы в рамках обеспечения деятельности главных распорядителей средств бюджета Липкинского сельского поселения Ромодановского муниципального района Республики Мордовия | B70: 917 | C70: 04 | D70: 12 | E70: 89 | F70: 1 | J70: =J71 -> 368
A71: Иные межбюджетные трансферты на осуществление полномочий по утверждению генеральных планов поселения,правил землепользования и застройки,утверждению подготоленной на основе генеральных планов поселения документации по планировке территории,выдача градостроительного плана земельного участка,расположенного в границах поселения. | B71: 917 | C71: 04 | D71: 12 | E71: 89 | F71: 1 | G71: 00 | H71: 44107 | J71: =J72 -> 368
A72: =A59 -> Закупка товаров, работ и услуг для обеспечения государственных (муниципальных) нужд | B72: 917 | C72: 04 | D72: 12 | E72: 89 | F72: 1 | G72: 00 | H72: 44107 | I72: 200 | J72: =J73 -> 368
A73: =A67 -> Иные закупки товаров, работ и услуг для обеспечения государственных (муниципальных) нужд | B73: 917 | C73: 04 | D73: 12 | E73: 89 | F73: 1 | G73: 00 | H73: 44107 | I73: 240 | J73: 368
A74: Жилищно-коммунальное хозяйство | B74: 917 | C74: 05 | J74: =J81+J75 -> 222.7 | K74: =K81 -> 36 | L74: =L81 -> 40
A75: Коммунальное хозяйство | B75: 917 | C75: 05 | D75: 02 | J75: =J76 -> 52.5
A76: =A39 -> Непрограммные расходы главных распорядителей средств бюджета Липкинского сельского поселения Ромодановского муниципального района Республики Мордовия | B76: 917 | C76: 05 | D76: 02 | E76: 89 | J76: =J77 -> 52.5
A77: =A34 -> Непрограммные расходы в рамках обеспечения деятельности главных распорядителей средств бюджета Липкинского сельского поселения Ромодановского муниципального района Республики Мордовия | B77: 917 | C77: 05 | D77: 02 | E77: 89 | F77: 1 | J77: =J78 -> 52.5
A78: Иные межбюджетные трансферты на осуществление полномочий по организации в границах поселения электро,-тепоа-,газо-и водоснабжения населения,водоотведения,снабжения населения топливом в пределах полномочий,установленных законодательством Р Ф | B78: 917 | C78: 05 | D78: 02 | E78: 89 | F78: 1 | G78: 00 | H78: 44101 | J78: =J79 -> 52.5
A79: =A94 -> Закупка товаров, работ и услуг для обеспечения государственных (муниципальных) нужд | B79: 917 | C79: 05 | D79: 02 | E79: 89 | F79: 1 | G79: 00 | H79: 44101 | I79: 200 | J79: =J80 -> 52.5
A80: =A90 -> Иные закупки товаров, работ и услуг для обеспечения государственных (муниципальных) нужд | B80: 917 | C80: 05 | D80: 02 | E80: 89 | F80: 1 | G80: 00 | H80: 44101 | I80: 240 | J80: 52.5
A81: Благоустройство | B81: 917 | C81: 05 | D81: 03 | J81: =J82+J91 -> 170.2 | K81: =K82 -> 36 | L81: =L82 -> 40
A82: Муниципальная программа "Комплексного развития системы коммунальной инфраструктуры Липкинского сельского поселения Ромодановского муниципального района Республики Мордовия на 2018-2028 года" | B82: 917 | C82: 05 | D82: 03 | E82: 10 | J82: =J87+J83 -> 45.1 | K82: =K87 -> 36 | L82: =L87 -> 40
A83: Основное мероприятие "Благоустройство территории " | B83: 917 | C83: 05 | D83: 03 | E83: 10 | F83: 0 | G83: 07 | J83: =J84 -> 21
A84: Прочие мероприятия по благоустройству | B84: 917 | C84: 05 | D84: 03 | E84: 10 | F84: 0 | G84: 07 | H84: 43040 | J84: =J85 -> 21
A85: =A89 -> Закупка товаров, работ и услуг для обеспечения государственных (муниципальных) нужд | B85: 917 | C85: 05 | D85: 03 | E85: 10 | F85: 0 | G85: 07 | H85: 43040 | I85: 200 | J85: =J86 -> 21
A86: =A90 -> Иные закупки товаров, работ и услуг для обеспечения государственных (муниципальных) нужд | B86: 917 | C86: 05 | D86: 03 | E86: 10 | F86: 0 | G86: 07 | H86: 43040 | I86: 240 | J86: 21
A87: Основное мероприятие "Освещение территории сельского поселенияи" | B87: 917 | C87: 05 | D87: 03 | E87: 10 | F87: 0 | G87: 08 | J87: =J88 -> 24.1 | K87: =K88 -> 36 | L87: =L88 -> 40
A88: Уличное освещение | B88: 917 | C88: 05 | D88: 03 | E88: 10 | F88: 0 | G88: 08 | H88: 43010 | J88: =J89 -> 24.1 | K88: =K89 -> 36 | L88: =L89 -> 40
A89: Закупка товаров, работ и услуг для обеспечения государственных (муниципальных) нужд | B89: 917 | C89: 05 | D89: 03 | E89: 10 | F89: 0 | G89: 08 | H89: 43010 | I89: 200 | J89: =J90 -> 24.1 | K89: =K90 -> 36 | L89: =L90 -> 40
A90: Иные закупки товаров, работ и услуг для обеспечения государственных (муниципальных) нужд | B90: 917 | C90: 05 | D90: 03 | E90: 10 | F90: 0 | G90: 08 | H90: 43010 | I90: 240 | J90: 24.1 | K90: 36 | L90: 40
A91: =A101 -> Непрограммные расходы главных распорядителей средств бюджета Липкинского сельского поселения Ромодановского муниципального района Республики Мордовия | B91: 917 | C91: 05 | D91: 03 | E91: 89 | J91: =J92 -> 125.1
A92: =A102 -> Непрограммные расходы в рамках обеспечения деятельности главных распорядителей средств бюджета Липкинского сельского поселения Ромодановского муниципального района Республики Мордовия | B92: 917 | C92: 05 | D92: 03 | E92: 89 | F92: 1 | J92: =J93+J96 -> 125.1
A93: Организация и содержание мест захоронения | B93: 917 | C93: 05 | D93: 03 | E93: 89 | F93: 1 | G93: 00 | H93: 43030 | J93: =J94 -> 55.8
A94: =A89 -> Закупка товаров, работ и услуг для обеспечения государственных (муниципальных) нужд | B94: 917 | C94: 05 | D94: 03 | E94: 89 | F94: 1 | G94: 00 | H94: 43030 | I94: 200 | J94: =J95 -> 55.8
A95: =A90 -> Иные закупки товаров, работ и услуг для обеспечения государственных (муниципальных) нужд | B95: 917 | C95: 05 | D95: 03 | E95: 89 | F95: 1 | G95: 00 | H95: 43030 | I95: 240 | J95: 55.8
A96: Решение вопросов местного значения,осуществляемое с провлечением средств самообложения граждан | B96: 917 | C96: 05 | D96: 03 | E96: 89 | F96: 1 | G96: 00 | H96: 78090 | J96: =J97 -> 69.3
A97: =A94 -> Закупка товаров, работ и услуг для обеспечения государственных (муниципальных) нужд | B97: 917 | C97: 05 | D97: 03 | E97: 89 | F97: 1 | G97: 00 | H97: 78090 | I97: 200 | J97: =J98 -> 69.3
A98: =A95 -> Иные закупки товаров, работ и услуг для обеспечения государственных (муниципальных) нужд | B98: 917 | C98: 05 | D98: 03 | E98: 89 | F98: 1 | G98: 00 | H98: 78090 | I98: 240 | J98: 69.3
A99: Социальная политика | B99: 917 | C99: 10 | J99: =J100 -> 170.3 | K99: =K100 -> 166.2 | L99: =L100 -> 166.2
A100: Пенсионное обеспечение | B100: 917 | C100: 10 | D100: 01 | J100: =J101 -> 170.3 | K100: =K101 -> 166.2 | L100: =L101 -> 166.2
...

Sheet Приложение 3
H1: Приложение 3 к решению Совета депутатовЛипкинского сельского поселения Ромодановского муниципального района Республики Мордовия «О внесении изменений в решение Совета депутатов Липкинского сельского поселения Ромодановского муниципального района Республики Мордовия от 29 декабря 2022 г № 33 «О бюджете Липкинского сельского поселения Ромодановского муниципального района Республики Мордовия на 2023 год и на плановый период 2024 и 2025 годов»
H2: Приложение 4 к решению Совета депутатов Липкинского сельского поселения Ромодановского муниципального района Республики Мордовия «О бюджете Липкинского сельского поселения Ромодановского муниципального района Республики Мордовия на 2023 год и на плановый период 2024 и 2025 годов»
A3: РАСПРЕДЕЛЕНИЕ БЮДЖЕТНЫХ АССИГНОВАНИЙ БЮДЖЕТА ЛИПКИНСКОГО СЕЛЬСКОГО ПОСЕЛЕНИЯ РОМОДАНОВСКОГО МУНИЦИПАЛЬНОГО РАЙОНА РЕСПУБЛИКИ МОРДОВИЯ ПО РАЗДЕЛАМ, ПОДРАЗДЕЛАМ, ЦЕЛЕВЫМ СТАТЬЯМ (МУНИЦИПАЛЬНЫМ ПРОГРАММАМ И НЕПРОГРАММНЫМ НАПРАВЛЕНИЯМ ДЕЯТЕЛЬНОСТИ), ГРУППАМ И ПОДГРУППАМ ВИДОВ РАСХОДОВ КЛАССИФИКАЦИИ РАСХОДОВ БЮДЖЕТОВ НА 2023 ГОД И НА ПЛАНОВЫЙ ПЕРИОД 2024 И 2025 ГОДОВ
H4: (тыс. рублей)
A5: Наименование | B5: Рз | C5: Прз | D5: Цср | H5: Вр | I5: Сумма
I6: 2023 год | J6: 2024 год | K6: 2025 год
A7: 1 | B7: 2 | C7: 3 | D7: 4 | E7: 5 | F7: 6 | G7: 7 | H7: 8 | I7: 9 | J7: 10 | K7: 11
A8: ВСЕГО | I8: =I9+I44+I61+M9+I74+I99+I106+I54 -> 2484.1 | J8: =J9+J44+J61+J74+J99+J113+J106 -> 880.8 | K8: =K9+K44+K61+K81+K100+K113+K106 -> 894.4
A9: Общегосударственные вопросы | B9: 01 | I9: =I10+I19+I38 -> 1434.4 | J9: =J10+J19+J38 -> 380.5 | K9: =K10+K19+K38 -> 363.6
A10: Функционирование высшего должностного лица субъекта Российской Федерации и муниципального образования | B10: 01 | C10: 02 | I10: =I11 -> 461.3 | J10: =J11 -> 161.1 | K10: =K11 -> 140.8
A11: =Приложение2!A11 -> Обеспечение деятельности Администрации Липкинского сельского поселения Ромодановского муниципального района Республики Мордовия | B11: 01 | C11: 02 | D11: 65 | I11: =I12 -> 461.3 | J11: =J12 -> 161.1 | K11: =K12 -> 140.8
A12: Высшее должностное лицо | B12: 01 | C12: 02 | D12: 65 | E12: 1 | I12: =I13+I16 -> 461.3 | J12: =J13 -> 161.1 | K12: =K13 -> 140.8
A13: Расходы на выплаты по оплате труда высшего должностного лица | B13: 01 | C13: 02 | D13: 65 | E13: 1 | F13: 00 | G13: 41150 | I13: =I14 -> 259.3 | J13: =J14 -> 161.1 | K13: =K14 -> 140.8
A14: Расходы на выплаты персоналу в целях обеспечения выполнения функций государственными (муниципальными) органами, казенными учреждениями, органами управления государственными внебюджетными фондами | B14: 01 | C14: 02 | D14: 65 | E14: 1 | F14: 00 | G14: 41150 | H14: 100 | I14: =I15 -> 259.3 | J14: =J15 -> 161.1 | K14: =K15 -> 140.8
A15: Расходы на выплаты персоналу государственных (муниципальных) органов | B15: 01 | C15: 02 | D15: 65 | E15: 1 | F15: 00 | G15: 41150 | H15: 120 | I15: =Приложение2!J15 -> 259.3 | J15: =Приложение2!K15 -> 161.1 | K15: =Приложение2!L15 -> 140.8
A16: =Приложение2!A16 -> Субсидии на софинансирование расходных обязательств по финансовому обеспечению деятельности органов местного самоуправления и муниципальных учреждений | B16: 01 | C16: 02 | D16: 65 | E16: 1 | F16: 00 | G16: 44205 | I16: =I17 -> 202
A17: =Приложение2!A17 -> Расходы на выплаты персоналу в целях обеспечения выполнения функций государственными (муниципальными) органами, казенными учреждениями, органами управления государственными внебюджетными фондами | B17: 01 | C17: 02 | D17: 65 | E17: 1 | F17: 00 | G17: 44205 | H17: 100 | I17: =I18 -> 202
A18: =Приложение2!A18 -> Расходы на выплаты персоналу государственных (муниципальных) органов | B18: 01 | C18: 02 | D18: 65 | E18: 1 | F18: 00 | G18: 44205 | H18: 120 | I18: =Приложение2!J18 -> 202
A19: Функционирование Правительства Российской Федерации, высших исполнительных органов государственной власти субъектов Российской Федерации, местных администраций | B19: 01 | C19: 04 | I19: =I20+I33 -> 967.1 | J19: =J20+J33 -> 214.4 | K19: =K20+K33 -> 217.8
A20: =A11 -> Обеспечение деятельности Администрации Липкинского сельского поселения Ромодановского муниципального района Республики Мордовия | B20: 01 | C20: 04 | D20: 65 | I20: =I21 -> 966.8 | J20: =J21 -> 214.1 | K20: =K21 -> 217.5
A21: =Приложение2!A21 -> Расходы в рамках обеспечения деятельности Администрации Липкинского сельского поселения | B21: 01 | C21: 04 | D21: 65 | E21: 2 | I21: =I22+I25+I30 -> 966.8 | J21: =J22+J25 -> 214.1 | K21: =K22+K25 -> 217.5
A22: Расходы на выплаты по оплате труда работников органов местного самоуправления | B22: 01 | C22: 04 | D22: 65 | E22: 2 | F22: 00 | G22: 41110 | I22: =I23 -> 331 | J22: =J23 -> 61.1 | K22: =K23 -> 46.8
A23: Расходы на выплаты персоналу в целях обеспечения выполнения функций государственными (муниципальными) органами, казенными учреждениями, органами управления государственными внебюджетными фондами | B23: 01 | C23: 04 | D23: 65 | E23: 2 | F23: 00 | G23: 41110 | H23: 100 | I23: =I24 -> 331 | J23: =J24 -> 61.1 | K23: =K24 -> 46.8
A24: Расходы на выплаты персоналу государственных (муниципальных) органов | B24: 01 | C24: 04 | D24: 65 | E24: 2 | F24: 00 | G24: 41110 | H24: 120 | I24: =Приложение2!J24 -> 331 | J24: =Приложение2!K24 -> 61.1 | K24: =Приложение2!L24 -> 46.8
A25: Расходы на обеспечение функций органов местного самоуправления | B25: 01 | C25: 04 | D25: 65 | E25: 2 | F25: 00 | G25: 41120 | I25: =+I26+I28 -> 268.4 | J25: =+J26+J28 -> 153 | K25: =+K26+K28 -> 170.7
A26: Закупка товаров, работ и услуг для обеспечения государственных (муниципальных) нужд | B26: 01 | C26: 04 | D26: 65 | E26: 2 | F26: 00 | G26: 41120 | H26: 200 | I26: =I27 -> 266.6 | J26: =J27 -> 148 | K26: =K27 -> 165.7
A27: Иные закупки товаров, работ и услуг для обеспечения государственных (муниципальных) нужд | B27: 01 | C27: 04 | D27: 65 | E27: 2 | F27: 00 | G27: 41120 | H27: 240 | I27: =Приложение2!J27 -> 266.6 | J27: =Приложение2!K27 -> 148 | K27: =Приложение2!L27 -> 165.7
A28: Иные бюджетные ассигнования | B28: 01 | C28: 04 | D28: 65 | E28: 2 | F28: 00 | G28: 41120 | H28: 800 | I28: =I29 -> 1.8 | J28: =J29 -> 5 | K28: =K29 -> 5
A29: Уплата налогов, сборов и иных платежей | B29: 01 | C29: 04 | D29: 65 | E29: 2 | F29: 00 | G29: 41120 | H29: 850 | I29: =Приложение2!J29 -> 1.8 | J29: =Приложение2!K29 -> 5 | K29: =Приложение2!L29 -> 5
A30: =Приложение2!A30 -> Субсидии на софинансирование расходных обязательств по финансовому обеспечению деятельности органов местного самоуправления и муниципальных учреждений | B30: 01 | C30: 04 | D30: 65 | E30: 2 | F30: 00 | G30: 44205 | I30: =I31 -> 367.4
A31: =Приложение2!A31 -> Расходы на выплаты персоналу в целях обеспечения выполнения функций государственными (муниципальными) органами, казенными учреждениями, органами управления государственными внебюджетными фондами | B31: 01 | C31: 04 | D31: 65 | E31: 2 | F31: 00 | G31: 44205 | H31: 100 | I31: =I32 -> 367.4
A32: =Приложение2!A32 -> Расходы на выплаты персоналу государственных (муниципальных) органов | B32: 01 | C32: 04 | D32: 65 | E32: 2 | F32: 00 | G32: 44205 | H32: 120 | I32: =Приложение2!J32 -> 367.4
A33: Непрограммные расходы главных распорядителей средств бюджета Липкинского сельского поселения Ромодановского муниципального района Республики Мордовия | B33: 01 | C33: 04 | D33: 89 | I33: =I34 -> 0.3 | J33: =J34 -> 0.3 | K33: =K34 -> 0.3
A34: Непрограммные расходы в рамках обеспечения деятельности главных распорядителей средств бюджета Липкинского сельского поселения Ромодановского муниципального района Республики Мордовия | B34: 01 | C34: 04 | D34: 89 | E34: 1 | I34: =I35 -> 0.3 | J34: =J35 -> 0.3 | K34: =K35 -> 0.3
A35: Осуществление государственных полномочий Республики Мордовия по определению перечня должностных лиц, уполномоченных составлять протоколы об административных правонарушениях, предусмотренных Законом Республики Мордовия от 15 июня 2015 года № 38-З "Об административной ответственности на территории Республики Мордовия" | B35: 01 | C35: 04 | D35: 89 | E35: 1 | F35: 00 | G35: 77150 | I35: =I36 -> 0.3 | J35: =J36 -> 0.3 | K35: =K36 -> 0.3
A36: Закупка товаров, работ и услуг для обеспечения государственных (муниципальных) нужд | B36: 01 | C36: 04 | D36: 89 | E36: 1 | F36: 00 | G36: 77150 | H36: 200 | I36: =I37 -> 0.3 | J36: =J37 -> 0.3 | K36: =K37 -> 0.3
A37: Иные закупки товаров, работ и услуг для обеспечения государственных (муниципальных) нужд | B37: 01 | C37: 04 | D37: 89 | E37: 1 | F37: 00 | G37: 77150 | H37: 240 | I37: =Приложение2!J37 -> 0.3 | J37: =Приложение2!K37 -> 0.3 | K37: =Приложение2!L37 -> 0.3
A38: =Приложение2!A38 -> Другие общегосударственные вопросы | B38: 01 | C38: 13 | I38: =I39 -> 6 | J38: =J39 -> 5 | K38: =K39 -> 5
A39: Непрограммные расходы главных распорядителей средств бюджета Липкинского сельского поселения Ромодановского муниципального района Республики Мордовия | B39: 01 | C39: 13 | D39: 89 | I39: =I40 -> 6 | J39: =J40 -> 5 | K39: =K40 -> 5
A40: Непрограммные расходы в рамках обеспечения деятельности главных распорядителей средств бюджета Липкинского сельского поселения Ромодановского муниципального района Республики Мордовия | B40: 01 | C40: 13 | D40: 89 | E40: 1 | I40: =I41 -> 6 | J40: =J41 -> 5 | K40: =K41 -> 5
A41: =Приложение2!A41 -> Мероприятия,связанные с муниципальным управлением | B41: 01 | C41: 13 | D41: 89 | E41: 1 | F41: 00 | G41: 41210 | I41: =I43 -> 6 | J41: =J43 -> 5 | K41: =K43 -> 5
A42: Иные бюджетные ассигнования | B42: 01 | C42: 13 | D42: 89 | E42: 1 | F42: 00 | G42: 41210 | H42: 800 | I42: =I43 -> 6 | J42: =J43 -> 5 | K42: =K43 -> 5
A43: =Приложение2!A43 -> Уплата налогов, сборов и иных платежей | B43: 01 | C43: 13 | D43: 89 | E43: 1 | F43: 00 | G43: 41210 | H43: 850 | I43: =Приложение2!J43 -> 6 | J43: =Приложение2!K43 -> 5 | K43: =Приложение2!L43 -> 5
A44: Национальная оборона | B44: 02 | I44: =I45 -> 109.3 | J44: =J45 -> 114.4 | K44: =K45 -> 118.7
A45: Мобилизационная и вневойсковая подготовка | B45: 02 | C45: 03 | I45: =I46 -> 109.3 | J45: =J46 -> 114.4 | K45: =K46 -> 118.7
A46: =Приложение2!A46 -> Государственная программа поывшения эффективности управления государственными финансами в Республике Мордовия | B46: 02 | C46: 03 | D46: 17 | I46: =I47 -> 109.3 | J46: =J47 -> 114.4 | K46: =K47 -> 118.7
A47: Подпрограмма "Повышения эффективности межбюджетных отношений" | B47: 02 | C47: 03 | D47: 17 | E47: 3 | I47: =I48 -> 109.3 | J47: =J48 -> 114.4 | K47: =K48 -> 118.7
A48: Основное мероприятие "Обеспечение и осуществления органами местного самоуправления отдельных государственных полномочий" | B48: 02 | C48: 03 | D48: 17 | E48: 3 | F48: 02 | I48: =I49 -> 109.3 | J48: =J49 -> 114.4 | K48: =K49 -> 118.7
A49: =Приложение2!A49 -> Осуществление государственных полномочий Российской Федерации по первичному воинскому учету на территориях, где отсутствуют военные комиссариаты | B49: 02 | C49: 03 | D49: 17 | E49: 3 | F49: 02 | G49: 51180 | I49: =I52+I50 -> 109.3 | J49: =J52+J50 -> 114.4 | K49: =K52+K50 -> 118.7
A50: Расходы на выплаты персоналу в целях обеспечения выполнения функций государственными (муниципальными) органами, казенными учреждениями, органами управления государственными внебюджетными фондами | B50: 02 | C50: 03 | D50: 17 | E50: 3 | F50: 02 | G50: 51180 | H50: 100 | I50: =I51 -> 104.3 | J50: =J51 -> 109.4 | K50: =K51 -> 114.7
A51: Расходы на выплаты персоналу государственных (муниципальных) органов | B51: 02 | C51: 03 | D51: 17 | E51: 3 | F51: 02 | G51: 51180 | H51: 120 | I51: =Приложение2!J51 -> 104.3 | J51: =Приложение2!K51 -> 109.4 | K51: =Приложение2!L51 -> 114.7
A52: Закупка товаров, работ и услуг для обеспечения государственных (муниципальных) нужд | B52: 02 | C52: 03 | D52: 17 | E52: 3 | F52: 02 | G52: 51180 | H52: 200 | I52: =I53 -> 5 | J52: =J53 -> 5 | K52: =K53 -> 4
A53: Иные закупки товаров, работ и услуг для обеспечения государственных (муниципальных) нужд | B53: 02 | C53: 03 | D53: 17 | E53: 3 | F53: 02 | G53: 51180 | H53: 240 | I53: =Приложение2!J53 -> 5 | J53: =Приложение2!K53 -> 5 | K53: =Приложение2!L53 -> 4
A54: =Приложение2!A54 -> Национальная безопасность и правоохранительная деятельность | B54: 03 | I54: =I55 -> 37.6
A55: =Приложение2!A55 -> Защита населения и территории от чрезвычайных ситуаций природного и техногенного характера, пожарная безопасность | B55: 03 | C55: 10 | I55: =I56 -> 37.6
A56: =Приложение2!A56 -> Непрограммные расходы главных распорядителей средств бюджета Липкинского сельского поселения Ромодановского муниципального района Республики Мордовия | B56: 03 | C56: 10 | D56: 89 | I56: =I57 -> 37.6
A57: =Приложение2!A57 -> Непрограммные расходы в рамках обеспечения деятельности главных распорядителей средств бюджета Липкинского сельского поселения Ромодановского муниципального района Республики Мордовия | B57: 03 | C57: 10 | D57: 89 | E57: 1 | I57: =I58 -> 37.6
A58: =Приложение2!A58 -> Выполнение работ на гидротехнических сооружениях по пропуску весеннего паводка | B58: 03 | C58: 10 | D58: 89 | E58: 1 | F58: 00 | G58: 80190 | I58: =I59 -> 37.6
A59: =A52 -> Закупка товаров, работ и услуг для обеспечения государственных (муниципальных) нужд | B59: 03 | C59: 10 | D59: 89 | E59: 1 | F59: 00 | G59: 80190 | H59: 200 | I59: =I60 -> 37.6
A60: =A53 -> Иные закупки товаров, работ и услуг для обеспечения государственных (муниципальных) нужд | B60: 03 | C60: 10 | D60: 89 | E60: 1 | F60: 00 | G60: 80190 | H60: 240 | I60: =Приложение2!J60 -> 37.6
A61: Национальная экономика | B61: 04 | I61: =I62+I68 -> 506.1 | J61: =J62 -> 158.1 | K61: =K62 -> 158.1
A62: Дорожное хозяйство (дорожные фонды) | B62: 04 | C62: 09 | I62: =I63 -> 138.1 | J62: =J63 -> 158.1 | K62: =K63 -> 158.1
A63: =Приложение2!A63 -> Муниципальная программа "Комплексного развития транспортной инфраструктуры Липкинского сельского поселения Ромодановского муниципального района Республики Мордовия на 2018- 2028 года" | B63: 04 | C63: 09 | D63: 13 | I63: =I64 -> 138.1 | J63: =J64 -> 158.1 | K63: =K64 -> 158.1
A64: =Приложение2!A64 -> Основное мероприятие "Содействие развитию систем автомобильтных дорог общего пользования,регионального и или межмуниципального,а так же мнстного значения" | B64: 04 | C64: 09 | D64: 13 | E64: 0 | F64: 01 | I64: =I65 -> 138.1 | J64: =J65 -> 158.1 | K64: =K65 -> 158.1
A65: =Приложение2!A65 -> Иные межбюджетные трансферты на осуществление полномочий по дорожной деятельности в отношении автомобильных дорог местного значения в границах населенных пунктов поселения и обеспечению безопасности дорожного движения на них, включая создание и обеспечение функционирования парковок (парковочных мест), осуществлению муниципального контроля за сохранностью автомобильных дорог местного значения в границах населенных пунктов поселения, организации дорожного движения, а также осуществлению иных полномочий в области использования автомобильных дорог и осуществления дорожной деятельности в соответствии с законодательством Российской Федерации | B65: 04 | C65: 09 | D65: 13 | E65: 0 | F65: 01 | G65: 44102 | I65: =I66 -> 138.1 | J65: =J66 -> 158.1 | K65: =K66 -> 158.1
A66: Закупка товаров, работ и услуг для обеспечения государственных (муниципальных) нужд | B66: 04 | C66: 09 | D66: 13 | E66: 0 | F66: 01 | G66: 44102 | H66: 200 | I66: =I67 -> 138.1 | J66: =J67 -> 158.1 | K66: =K67 -> 158.1
A67: Иные закупки товаров, работ и услуг для обеспечения государственных (муниципальных) нужд | B67: 04 | C67: 09 | D67: 13 | E67: 0 | F67: 01 | G67: 44102 | H67: 240 | I67: =Приложение2!J67 -> 138.1 | J67: =Приложение2!K67 -> 158.1 | K67: =Приложение2!L67 -> 158.1
A68: =Приложение2!A68 -> другие воросы в облости национальной экономики | B68: 04 | C68: 12 | I68: =I69 -> 368
A69: =Приложение2!A69 -> Непрограммные расходы главных распорядителей средств бюджета Липкинского сельского поселения Ромодановского муниципального района Республики Мордовия | B69: 04 | C69: 12 | D69: 89 | I69: =I70 -> 368
A70: =Приложение2!A70 -> Непрограммные расходы в рамках обеспечения деятельности главных распорядителей средств бюджета Липкинского сельского поселения Ромодановского муниципального района Республики Мордовия | B70: 04 | C70: 12 | D70: 89 | E70: 1 | I70: =I71 -> 368
A71: =Приложение2!A71 -> Иные межбюджетные трансферты на осуществление полномочий по утверждению генеральных планов поселения,правил землепользования и застройки,утверждению подготоленной на основе генеральных планов поселения документации по планировке территории,выдача градостроительного плана земельного участка,расположенного в границах поселения. | B71: 04 | C71: 12 | D71: 89 | E71: 1 | F71: 00 | G71: 44107 | I71: =I72 -> 368
A72: =Приложение2!A72 -> Закупка товаров, работ и услуг для обеспечения государственных (муниципальных) нужд | B72: 04 | C72: 12 | D72: 89 | E72: 1 | F72: 00 | G72: 44107 | H72: 200 | I72: =I73 -> 368
A73: =Приложение2!A73 -> Иные закупки товаров, работ и услуг для обеспечения государственных (муниципальных) нужд | B73: 04 | C73: 12 | D73: 89 | E73: 1 | F73: 00 | G73: 44107 | H73: 240 | I73: =Приложение2!J73 -> 368
A74: Жилищно-коммунальное хозяйство | B74: 05 | I74: =I81+I75 -> 222.7 | J74: =J81 -> 36 | K74: =K81 -> 40
A75: =Приложение2!A75 -> Коммунальное хозяйство | B75: 05 | C75: 02 | I75: =I76 -> 52.5
A76: =Приложение2!A76 -> Непрограммные расходы главных распорядителей средств бюджета Липкинского сельского поселения Ромодановского муниципального района Республики Мордовия | B76: 05 | C76: 02 | D76: 89 | I76: =I77 -> 52.5
A77: =Приложение2!A77 -> Непрограммные расходы в рамках обеспечения деятельности главных распорядителей средств бюджета Липкинского сельского поселения Ромодановского муниципального района Республики Мордовия | B77: 05 | C77: 02 | D77: 89 | E77: 1 | I77: =I78 -> 52.5
A78: =Приложение2!A78 -> Иные межбюджетные трансферты на осуществление полномочий по организации в границах поселения электро,-тепоа-,газо-и водоснабжения населения,водоотведения,снабжения населения топливом в пределах полномочий,установленных законодательством Р Ф | B78: 05 | C78: 02 | D78: 89 | E78: 1 | F78: 00 | G78: 44101 | I78: =I79 -> 52.5
A79: =Приложение2!A79 -> Закупка товаров, работ и услуг для обеспечения государственных (муниципальных) нужд | B79: 05 | C79: 02 | D79: 89 | E79: 1 | F79: 00 | G79: 44101 | H79: 200 | I79: =I80 -> 52.5
A80: =Приложение2!A80 -> Иные закупки товаров, работ и услуг для обеспечения государственных (муниципальных) нужд | B80: 05 | C80: 02 | D80: 89 | E80: 1 | F80: 00 | G80: 44101 | H80: 240 | I80: =Приложение2!J80 -> 52.5
A81: Благоустройство | B81: 05 | C81: 03 | I81: =I82+I91 -> 170.2 | J81: =J82 -> 36 | K81: =K82 -> 40
A82: Муниципальная программа "комплексного развития систем коммунальной инфраструктуры Липкинского сельского поселения Ромодановского муниципального района Республики Мордовия на 2018-2028 года" | B82: 05 | C82: 03 | D82: 10 | I82: =I87+I83 -> 45.1 | J82: =J87 -> 36 | K82: =K87 -> 40
A83: =Приложение2!A83 -> Основное мероприятие "Благоустройство территории " | B83: 05 | C83: 03 | D83: 10 | E83: 0 | F83: 07 | I83: =I84 -> 21
A84: =Приложение2!A84 -> Прочие мероприятия по благоустройству | B84: 05 | C84: 03 | D84: 10 | E84: 0 | F84: 07 | G84: 43040 | I84: =I85 -> 21
A85: =A89 -> Закупка товаров, работ и услуг для обеспечения государственных (муниципальных) нужд | B85: 05 | C85: 03 | D85: 10 | E85: 0 | F85: 07 | G85: 43040 | H85: 200 | I85: =I86 -> 21
A86: =A90 -> Иные закупки товаров, работ и услуг для обеспечения государственных (муниципальных) нужд | B86: 05 | C86: 03 | D86: 10 | E86: 0 | F86: 07 | G86: 43040 | H86: 240 | I86: =Приложение2!J86 -> 21
A87: =Приложение2!A87 -> Основное мероприятие "Освещение территории сельского поселенияи" | B87: 05 | C87: 03 | D87: 10 | E87: 0 | F87: 08 | I87: =I88 -> 24.1 | J87: =J88 -> 36 | K87: =K88 -> 40
A88: Уличное освещение | B88: 05 | C88: 03 | D88: 10 | E88: 0 | F88: 08 | G88: 43010 | I88: =I89 -> 24.1 | J88: =J89 -> 36 | K88: =K89 -> 40
A89: Закупка товаров, работ и услуг для обеспечения государственных (муниципальных) нужд | B89: 05 | C89: 03 | D89: 10 | E89: 0 | F89: 08 | G89: 43010 | H89: 200 | I89: =I90 -> 24.1 | J89: =J90 -> 36 | K89: =K90 -> 40
A90: Иные закупки товаров, работ и услуг для обеспечения государственных (муниципальных) нужд | B90: 05 | C90: 03 | D90: 10 | E90: 0 | F90: 08 | G90: 43010 | H90: 240 | I90: =Приложение2!J90 -> 24.1 | J90: =Приложение2!K90 -> 36 | K90: =Приложение2!L90 -> 40
A91: =A76 -> Непрограммные расходы главных распорядителей средств бюджета Липкинского сельского поселения Ромодановского муниципального района Республики Мордовия | B91: 05 | C91: 03 | D91: 89 | I91: =I92 -> 125.1
A92: =A77 -> Непрограммные расходы в рамках обеспечения деятельности главных распорядителей средств бюджета Липкинского сельского поселения Ромодановского муниципального района Республики Мордовия | B92: 05 | C92: 03 | D92: 89 | E92: 1 | I92: =I93+I96 -> 125.1
A93: =Приложение2!A93 -> Организация и содержание мест захоронения | B93: 05 | C93: 03 | D93: 89 | E93: 1 | F93: 00 | G93: 43030 | I93: =I94 -> 55.8
A94: =Приложение2!A94 -> Закупка товаров, работ и услуг для обеспечения государственных (муниципальных) нужд | B94: 05 | C94: 03 | D94: 89 | E94: 1 | F94: 00 | G94: 43030 | H94: 200 | I94: =I95 -> 55.8
A95: =Приложение2!A95 -> Иные закупки товаров, работ и услуг для обеспечения государственных (муниципальных) нужд | B95: 05 | C95: 03 | D95: 89 | E95: 1 | F95: 00 | G95: 43030 | H95: 240 | I95: =Приложение2!J95 -> 55.8
A96: =Приложение2!A96 -> Решение вопросов местного значения,осуществляемое с провлечением средств самообложения граждан | B96: 05 | C96: 03 | D96: 89 | E96: 1 | F96: 00 | G96: 78090 | I96: =I97 -> 69.3
A97: =Приложение2!A97 -> Закупка товаров, работ и услуг для обеспечения государственных (муниципальных) нужд | B97: 05 | C97: 03 | D97: 89 | E97: 1 | F97: 00 | G97: 78090 | H97: 200 | I97: =I98 -> 69.3
A98: =Приложение2!A98 -> Иные закупки товаров, работ и услуг для обеспечения государственных (муниципальных) нужд | B98: 05 | C98: 03 | D98: 89 | E98: 1 | F98: 00 | G98: 78090 | H98: 240 | I98: =Приложение2!J98 -> 69.3
A99: Социальная политика | B99: 10 | I99: =I100 -> 170.3 | J99: =J100 -> 166.2 | K99: =K100 -> 166.2
A100: Пенсионное обеспечение | B100: 10 | C100: 01 | I100: =I101 -> 170.3 | J100: =J101 -> 166.2 | K100: =K101 -> 166.2
...

Sheet Приложение4
I1: Приложение 4 к решению Совета депутатовЛипкинского сельского поселения Ромодановского муниципального района Республики Мордовия «О внесении изменений в решение Совета депутатов Липкинского сельского поселения Ромодановского муниципального района Республики Мордовия от 29 декабря 2022 г № 33 «О бюджете Липкинского сельского поселения Ромодановского муниципального района Республики Мордовия на 2023 год и на плановый период 2024 и 2025 годов»
I2: Приложение 5 к решению Совета депутатов Липкинского сельского поселения Ромодановского муниципального района Республики Мордовия «О бюджете Липкинского сельского поселения Ромодановского муниципального района Республики Мордовия на 2023 год и на плановый период 2024 и 2025 годов»
A3: РАСПРЕДЕЛЕНИЕ БЮДЖЕТНЫХ АССИГНОВАНИЙ БЮДЖЕТА ЛИПКИНСКОГО СЕЛЬСКОГО ПОСЕЛЕНИЯ РОМОДАНОВСКОГО МУНИЦИПАЛЬНОГО РАЙОНА РЕСПУБЛИКИ МОРДОВИЯ ПО ЦЕЛЕВЫМ СТАТЬЯМ (МУНИЦИПАЛЬНЫМ ПРОГРАММАМ И НЕПРОГРАММНЫМ НАПРАВЛЕНИЯМ ДЕЯТЕЛЬНОСТИ), ГРУППАМ И ПОДГРУППАМ ВИДОВ РАСХОДОВ, РАЗДЕЛАМ И ПОДРАЗДЕЛАМ КЛАССИФИКАЦИИ РАСХОДОВ БЮДЖЕТОВ НА 2023 ГОД И НА ПЛАНОВЫЙ ПЕРИОД 2024 И 2025 ГОДОВ
I4: (тыс. рублей)
A5: Наименование | B5: Цср | F5: ВР | G5: Рз | H5: Прз | I5: Адм | J5: Сумма
J6: 2023 год | K6: 2024 год | L6: 2025 год
A7: 1 | B7: 2 | C7: 3 | D7: 4 | E7: 5 | F7: 6 | G7: 7 | H7: 8 | I7: 9 | J7: 10 | K7: 11 | L7: 12
A8: ВСЕГО | J8: =J24+J32+J46+J9+J90 -> 2484.1 | K8: =K9+K24+K32+K46+K90 -> 880.8 | L8: =L9+L24+L32+L46+L90 -> 894.4
A9: =Приложение2!A82 -> Муниципальная программа "Комплексного развития системы коммунальной инфраструктуры Липкинского сельского поселения Ромодановского муниципального района Республики Мордовия на 2018-2028 года" | B9: 10 | J9: =J17+J10 -> 45.1 | K9: =K17 -> 36 | L9: =L17 -> 40
A10: =Приложение2!A83 -> Основное мероприятие "Благоустройство территории " | B10: 10 | C10: 0 | D10: 07 | J10: =J11 -> 21
A11: =Приложение2!A84 -> Прочие мероприятия по благоустройству | B11: 10 | C11: 0 | D11: 07 | E11: 43040 | J11: =J12 -> 21
A12: =Приложение2!A89 -> Закупка товаров, работ и услуг для обеспечения государственных (муниципальных) нужд | B12: 10 | C12: 0 | D12: 07 | E12: 43040 | F12: 200 | J12: =J13 -> 21
A13: =Приложение2!A90 -> Иные закупки товаров, работ и услуг для обеспечения государственных (муниципальных) нужд | B13: 10 | C13: 0 | D13: 07 | E13: 43040 | F13: 240 | J13: =J14 -> 21
A14: =Приложение2!A74 -> Жилищно-коммунальное хозяйство | B14: 10 | C14: 0 | D14: 07 | E14: 43040 | F14: 240 | G14: 05 | J14: =J15 -> 21
A15: =Приложение2!A81 -> Благоустройство | B15: 10 | C15: 0 | D15: 07 | E15: 43040 | F15: 240 | G15: 05 | H15: 03 | J15: =J16 -> 21
A16: =A23 -> Администрация Липкинского сельского поселения Ромодановского муниципального района Республики Мордовия | B16: 10 | C16: 0 | D16: 07 | E16: 43040 | F16: 240 | G16: 05 | H16: 03 | I16: 917 | J16: =Приложение2!J86 -> 21
A17: =Приложение2!A87 -> Основное мероприятие "Освещение территории сельского поселенияи" | B17: 10 | C17: 0 | D17: 08 | J17: =J18 -> 24.1 | K17: =K18 -> 36 | L17: =L18 -> 40
A18: Уличное освещение | B18: 10 | C18: 0 | D18: 08 | E18: 43010 | J18: =J19 -> 24.1 | K18: =K19 -> 36 | L18: =L19 -> 40
A19: Закупка товаров, работ и услуг для обеспечения государственных (муниципальных) нужд | B19: 10 | C19: 0 | D19: 08 | E19: 43010 | F19: 200 | J19: =J20 -> 24.1 | K19: =K20 -> 36 | L19: =L20 -> 40
A20: Иные закупки товаров, работ и услуг для обеспечения государственных (муниципальных) нужд | B20: 10 | C20: 0 | D20: 08 | E20: 43010 | F20: 240 | J20: =J21 -> 24.1 | K20: =K21 -> 36 | L20: =L21 -> 40
A21: Жилищно-коммунальное хозяйство | B21: 10 | C21: 0 | D21: 08 | E21: 43010 | F21: 240 | G21: 05 | J21: =J22 -> 24.1 | K21: =K22 -> 36 | L21: =L22 -> 40
A22: Благоустройство | B22: 10 | C22: 0 | D22: 08 | E22: 43010 | F22: 240 | G22: 05 | H22: 03 | J22: =J23 -> 24.1 | K22: =K23 -> 36 | L22: =L23 -> 40
A23: Администрация Липкинского сельского поселения Ромодановского муниципального района Республики Мордовия | B23: 10 | C23: 0 | D23: 08 | E23: 43010 | F23: 240 | G23: 05 | H23: 03 | I23: 917 | J23: =Приложение2!J90 -> 24.1 | K23: =Приложение2!K90 -> 36 | L23: =Приложение2!L90 -> 40
A24: =Приложение2!A63 -> Муниципальная программа "Комплексного развития транспортной инфраструктуры Липкинского сельского поселения Ромодановского муниципального района Республики Мордовия на 2018- 2028 года" | B24: 13 | J24: =J25 -> 138.1 | K24: =K25 -> 158.1 | L24: =L25 -> 158.1
A25: =Приложение2!A64 -> Основное мероприятие "Содействие развитию систем автомобильтных дорог общего пользования,регионального и или межмуниципального,а так же мнстного значения" | B25: 13 | C25: 0 | D25: 01 | J25: =J26 -> 138.1 | K25: =K26 -> 158.1 | L25: =L26 -> 158.1
A26: =Приложение2!A65 -> Иные межбюджетные трансферты на осуществление полномочий по дорожной деятельности в отношении автомобильных дорог местного значения в границах населенных пунктов поселения и обеспечению безопасности дорожного движения на них, включая создание и обеспечение функционирования парковок (парковочных мест), осуществлению муниципального контроля за сохранностью автомобильных дорог местного значения в границах населенных пунктов поселения, организации дорожного движения, а также осуществлению иных полномочий в области использования автомобильных дорог и осуществления дорожной деятельности в соответствии с законодательством Российской Федерации | B26: 13 | C26: 0 | D26: 01 | E26: 44102 | J26: =J27 -> 138.1 | K26: =K27 -> 158.1 | L26: =L27 -> 158.1
A27: Закупка товаров, работ и услуг для обеспечения государственных (муниципальных) нужд | B27: 13 | C27: 0 | D27: 01 | E27: 44102 | F27: 200 | J27: =J28 -> 138.1 | K27: =K28 -> 158.1 | L27: =L28 -> 158.1
A28: Иные закупки товаров, работ и услуг для обеспечения государственных (муниципальных) нужд | B28: 13 | C28: 0 | D28: 01 | E28: 44102 | F28: 240 | J28: =J29 -> 138.1 | K28: =K29 -> 158.1 | L28: =L29 -> 158.1
A29: Национальная экономика | B29: 13 | C29: 0 | D29: 01 | E29: 44102 | F29: 240 | G29: 04 | J29: =J30 -> 138.1 | K29: =K30 -> 158.1 | L29: =L30 -> 158.1
A30: =Приложение2!A62 -> Дорожное хозяйство (дорожные фонды) | B30: 13 | C30: 0 | D30: 01 | E30: 44102 | F30: 240 | G30: 04 | H30: 09 | J30: =J31 -> 138.1 | K30: =K31 -> 158.1 | L30: =L31 -> 158.1
A31: Администрация Липкинского сельского поселения Ромодановского муниципального района Республики Мордовия | B31: 13 | C31: 0 | D31: 01 | E31: 44102 | F31: 240 | G31: 04 | H31: 09 | I31: 917 | J31: =Приложение2!J67 -> 138.1 | K31: =Приложение2!K67 -> 158.1 | L31: =Приложение2!L67 -> 158.1
A32: =Приложение2!A46 -> Государственная программа поывшения эффективности управления государственными финансами в Республике Мордовия | B32: 17 | J32: =J33 -> 109.3 | K32: =K33 -> 114.4 | L32: =L33 -> 118.7
A33: Подпрограмма "Повышения эффективности межбюджетных отношений" | B33: 17 | C33: 3 | J33: =J34 -> 109.3 | K33: =K34 -> 114.4 | L33: =L34 -> 118.7
A34: Основное мероприятие: "Обеспечение и осуществления органами местного самоуправления отдельных государственных полномочий" | B34: 17 | C34: 3 | D34: 02 | J34: =J35 -> 109.3 | K34: =K35 -> 114.4 | L34: =L35 -> 118.7
A35: =Приложение2!A49 -> Осуществление государственных полномочий Российской Федерации по первичному воинскому учету на территориях, где отсутствуют военные комиссариаты | B35: 17 | C35: 3 | D35: 02 | E35: 51180 | J35: =J41+J36 -> 109.3 | K35: =K41+K36 -> 114.4 | L35: =L41+L36 -> 118.7
A36: Расходы на выплаты персоналу в целях обеспечения выполнения функций государственными (муниципальными) органами, казенными учреждениями, органами управления государственными внебюджетными фондами | B36: 17 | C36: 3 | D36: 02 | E36: 51180 | F36: 100 | J36: =J37 -> 104.3 | K36: =K37 -> 109.4 | L36: =L37 -> 114.7
A37: Расходы на выплаты персоналу государственных (муниципальных) органов | B37: 17 | C37: 3 | D37: 02 | E37: 51180 | F37: 120 | J37: =J38 -> 104.3 | K37: =K38 -> 109.4 | L37: =L38 -> 114.7
A38: Национальная оборона | B38: 17 | C38: 3 | D38: 02 | E38: 51180 | F38: 120 | G38: 02 | J38: =J39 -> 104.3 | K38: =K39 -> 109.4 | L38: =L39 -> 114.7
A39: Мобилизационная и вневойсковая подготовка | B39: 17 | C39: 3 | D39: 02 | E39: 51180 | F39: 120 | G39: 02 | H39: 03 | J39: =J40 -> 104.3 | K39: =K40 -> 109.4 | L39: =L40 -> 114.7
A40: Администрация Липкинского сельского поселения Ромодановского муниципального района Республики Мордовия | B40: 17 | C40: 3 | D40: 02 | E40: 51180 | F40: 120 | G40: 02 | H40: 03 | I40: 917 | J40: =Приложение2!J51 -> 104.3 | K40: =Приложение2!K51 -> 109.4 | L40: =Приложение2!L51 -> 114.7
A41: Закупка товаров, работ и услуг для обеспечения государственных (муниципальных) нужд | B41: 17 | C41: 3 | D41: 02 | E41: 51180 | F41: 200 | J41: =J42 -> 5 | K41: =K42 -> 5 | L41: =L42 -> 4
A42: Иные закупки товаров, работ и услуг для обеспечения государственных (муниципальных) нужд | B42: 17 | C42: 3 | D42: 02 | E42: 51180 | F42: 240 | J42: =J43 -> 5 | K42: =K43 -> 5 | L42: =L43 -> 4
A43: Национальная оборона | B43: 17 | C43: 3 | D43: 02 | E43: 51180 | F43: 240 | G43: 02 | J43: =J44 -> 5 | K43: =K44 -> 5 | L43: =L44 -> 4
A44: Мобилизация и вневойсковая подготовка | B44: 17 | C44: 3 | D44: 02 | E44: 51180 | F44: 240 | G44: 02 | H44: 03 | J44: =J45 -> 5 | K44: =K45 -> 5 | L44: =L45 -> 4
A45: Администрация Липкинского сельского поселения Ромодановского муниципального района Республики Мордовия | B45: 17 | C45: 3 | D45: 02 | E45: 51180 | F45: 240 | G45: 02 | H45: 03 | I45: 917 | J45: =Приложение2!J53 -> 5 | K45: =Приложение2!K53 -> 5 | L45: =Приложение2!L53 -> 4
A46: =Приложение2!A11 -> Обеспечение деятельности Администрации Липкинского сельского поселения Ромодановского муниципального района Республики Мордовия | B46: 65 | J46: =J47+J66 -> 1428.1 | K46: =K47+K54+K66+K74+K79 -> 397.1 | L46: =L47+L66 -> 402.4
A47: Высшее должностное лицо | B47: 65 | C47: 1 | J47: =J48+J60 -> 461.3 | K47: =K48 -> 161.1 | L47: =L48+L54 -> 184.9
A48: Расходы на выплаты по оплате труда высшего должностного лица | B48: 65 | C48: 1 | D48: 00 | E48: 41150 | J48: =J49 -> 259.3 | K48: =K49 -> 161.1 | L48: =L49 -> 140.8
A49: Расходы на выплаты персоналу в целях обеспечения выполнения функций государственными (муниципальными) органами, казенными учреждениями, органами управления государственными внебюджетными фондами | B49: 65 | C49: 1 | D49: 00 | E49: 41150 | F49: 100 | J49: =J50 -> 259.3 | K49: =K50 -> 161.1 | L49: =L50 -> 140.8
A50: Расходы на выплаты персоналу государственных (муниципальных) органов | B50: 65 | C50: 1 | D50: 00 | E50: 41150 | F50: 120 | J50: =J51 -> 259.3 | K50: =K51 -> 161.1 | L50: =L51 -> 140.8
A51: Общегосударственные вопросы | B51: 65 | C51: 1 | D51: 00 | E51: 41150 | F51: 120 | G51: 01 | J51: =J52 -> 259.3 | K51: =K52 -> 161.1 | L51: =L52 -> 140.8
A52: Функционирование высшего должностного лица субъекта Российской Федерации и муниципального образования | B52: 65 | C52: 1 | D52: 00 | E52: 41150 | F52: 120 | G52: 01 | H52: 02 | J52: =J53 -> 259.3 | K52: =K53 -> 161.1 | L52: =L53 -> 140.8
A53: Администрация Липкинского сельского поселения Ромодановского муниципального района Республики Мордовия | B53: 65 | C53: 1 | D53: 00 | E53: 41150 | F53: 120 | G53: 01 | H53: 02 | I53: 917 | J53: =Приложение2!J15 -> 259.3 | K53: =Приложение2!K15 -> 161.1 | L53: =Приложение2!L15 -> 140.8
A54: ='Приложение 3'!A117 -> Условно утвержденные расходы | B54: 65 | C54: 1 | D54: 00 | E54: 41990 | K54: =K55 -> 21.9 | L54: =L55 -> 44.1
A55: ='Приложение 3'!A118 -> Иные бюджетные ассигнования | B55: 65 | C55: 1 | D55: 00 | E55: 41990 | F55: 800 | K55: =K56 -> 21.9 | L55: =L56 -> 44.1
A56: ='Приложение 3'!A119 -> Резервные средства | B56: 65 | C56: 1 | D56: 00 | E56: 41990 | F56: 870 | K56: =K57 -> 21.9 | L56: =L57 -> 44.1
A57: ='Приложение 3'!A113 -> Условно утвержденные расходы | B57: 65 | C57: 1 | D57: 00 | E57: 41990 | F57: 870 | G57: 99 | K57: =K58 -> 21.9 | L57: =L58 -> 44.1
A58: ='Приложение 3'!A114 -> Условно утвержденные расходы | B58: 65 | C58: 1 | D58: 00 | E58: 41990 | F58: 870 | G58: 99 | H58: 99 | K58: =K59 -> 21.9 | L58: =L59 -> 44.1
A59: Администрация Липкинского сельского поселения Ромодановского муниципального района Республики Мордовия | B59: 65 | C59: 1 | D59: 00 | E59: 41990 | F59: 870 | G59: 99 | H59: 99 | I59: 917 | K59: ='Приложение 3'!J119 -> 21.9 | L59: ='Приложение 3'!K119 -> 44.1
A60: =Приложение2!A16 -> Субсидии на софинансирование расходных обязательств по финансовому обеспечению деятельности органов местного самоуправления и муниципальных учреждений | B60: 65 | C60: 1 | D60: 00 | E60: 44205 | J60: =J61 -> 202
A61: =A49 -> Расходы на выплаты персоналу в целях обеспечения выполнения функций государственными (муниципальными) органами, казенными учреждениями, органами управления государственными внебюджетными фондами | B61: 65 | C61: 1 | D61: 00 | E61: 44205 | F61: 100 | J61: =J62 -> 202
A62: =A50 -> Расходы на выплаты персоналу государственных (муниципальных) органов | B62: 65 | C62: 1 | D62: 00 | E62: 44205 | F62: 120 | J62: =J63 -> 202
A63: =A51 -> Общегосударственные вопросы | B63: 65 | C63: 1 | D63: 00 | E63: 44205 | F63: 120 | G63: 01 | J63: =J64 -> 202
A64: =A52 -> Функционирование высшего должностного лица субъекта Российской Федерации и муниципального образования | B64: 65 | C64: 1 | D64: 00 | E64: 44205 | F64: 120 | G64: 01 | H64: 02 | J64: =J65 -> 202
A65: =A59 -> Администрация Липкинского сельского поселения Ромодановского муниципального района Республики Мордовия | B65: 65 | C65: 1 | D65: 00 | E65: 44205 | F65: 120 | G65: 01 | H65: 02 | I65: 917 | J65: =Приложение2!J18 -> 202
A66: =Приложение2!A21 -> Расходы в рамках обеспечения деятельности Администрации Липкинского сельского поселения | B66: 65 | C66: 2 | J66: =J67+J73+J84 -> 966.8 | K66: =K67 -> 61.1 | L66: =L67+L74+L79 -> 217.5
A67: Расходы на выплаты по оплате труда работников органов местного самоуправления | B67: 65 | C67: 2 | D67: 00 | E67: 41110 | J67: =J68 -> 331 | K67: =K68 -> 61.1 | L67: =L68 -> 46.8
A68: Расходы на выплаты персоналу в целях обеспечения выполнения функций государственными (муниципальными) органами, казенными учреждениями, органами управления государственными внебюджетными фондами | B68: 65 | C68: 2 | D68: 00 | E68: 41110 | F68: 100 | J68: =J69 -> 331 | K68: =K69 -> 61.1 | L68: =L69 -> 46.8
A69: Расходы на выплаты персоналу государственных (муниципальных) органов | B69: 65 | C69: 2 | D69: 00 | E69: 41110 | F69: 120 | J69: =J70 -> 331 | K69: =K70 -> 61.1 | L69: =L70 -> 46.8
A70: Общегосударственные вопросы | B70: 65 | C70: 2 | D70: 00 | E70: 41110 | F70: 120 | G70: 01 | J70: =J71 -> 331 | K70: =K71 -> 61.1 | L70: =L71 -> 46.8
A71: Функционирование Правительства Российской Федерации, высших исполнительных органов государственной власти субъектов Российской Федерации, местных администраций | B71: 65 | C71: 2 | D71: 00 | E71: 41110 | F71: 120 | G71: 01 | H71: 04 | J71: =J72 -> 331 | K71: =K72 -> 61.1 | L71: =L72 -> 46.8
A72: Администрация Липкинского сельского поселения Ромодановского муниципального района Республики Мордовия | B72: 65 | C72: 2 | D72: 00 | E72: 41110 | F72: 120 | G72: 01 | H72: 04 | I72: 917 | J72: =Приложение2!J24 -> 331 | K72: =Приложение2!K24 -> 61.1 | L72: =Приложение2!L24 -> 46.8
A73: =Приложение2!A25 -> Расходы на обеспечение функций органов местного самоуправления | B73: 65 | C73: 2 | D73: 00 | E73: 41120 | J73: =J74+J79 -> 268.4 | K73: =K74+K79 -> 153 | L73: =L74+L79 -> 170.7
A74: Закупка товаров, работ и услуг для обеспечения государственных (муниципальных) нужд | B74: 65 | C74: 2 | D74: 00 | E74: 41120 | F74: 200 | J74: =J75 -> 266.6 | K74: =K75 -> 148 | L74: =L75 -> 165.7
A75: Иные закупки товаров, работ и услуг для обеспечения государственных (муниципальных) нужд | B75: 65 | C75: 2 | D75: 00 | E75: 41120 | F75: 240 | J75: =J76 -> 266.6 | K75: =K76 -> 148 | L75: =L76 -> 165.7
A76: Общегосударственные вопросы | B76: 65 | C76: 2 | D76: 00 | E76: 41120 | F76: 240 | G76: 01 | J76: =J77 -> 266.6 | K76: =K77 -> 148 | L76: =L77 -> 165.7
A77: Функционирование Правительства Российской Федерации, высших исполнительных органов государственной власти субъектов Российской Федерации, местных администраций | B77: 65 | C77: 2 | D77: 00 | E77: 41120 | F77: 240 | G77: 01 | H77: 04 | J77: =J78 -> 266.6 | K77: =K78 -> 148 | L77: =L78 -> 165.7
A78: Администрация Липкинского сельского поселения Ромодановского муниципального района Республики Мордовия | B78: 65 | C78: 2 | D78: 00 | E78: 41120 | F78: 240 | G78: 01 | H78: 04 | I78: 917 | J78: =Приложение2!J27 -> 266.6 | K78: =Приложение2!K27 -> 148 | L78: =Приложение2!L27 -> 165.7
A79: Иные бюджетные ассигнования | B79: 65 | C79: 2 | D79: 00 | E79: 41120 | F79: 800 | J79: =J80 -> 1.8 | K79: =K80 -> 5 | L79: =L80 -> 5
A80: Уплата налогов, сборов и иных платежей | B80: 65 | C80: 2 | D80: 00 | E80: 41120 | F80: 850 | J80: =J81 -> 1.8 | K80: =K81 -> 5 | L80: =L81 -> 5
A81: Общегосударственные вопросы | B81: 65 | C81: 2 | D81: 00 | E81: 41120 | F81: 850 | G81: 01 | J81: =J82 -> 1.8 | K81: =K82 -> 5 | L81: =L82 -> 5
A82: Функционирование Правительства Российской Федерации, высших исполнительных органов государственной власти субъектов Российской Федерации, местных администраций | B82: 65 | C82: 2 | D82: 00 | E82: 41120 | F82: 850 | G82: 01 | H82: 04 | J82: =J83 -> 1.8 | K82: =K83 -> 5 | L82: =L83 -> 5
A83: Администрация Липкинского сельского поселения Ромодановского муниципального района Республики Мордовия | B83: 65 | C83: 2 | D83: 00 | E83: 41120 | F83: 850 | G83: 01 | H83: 04 | I83: 917 | J83: =Приложение2!J29 -> 1.8 | K83: =Приложение2!K29 -> 5 | L83: =Приложение2!L29 -> 5
A84: =Приложение2!A30 -> Субсидии на софинансирование расходных обязательств по финансовому обеспечению деятельности органов местного самоуправления и муниципальных учреждений | B84: 65 | C84: 2 | D84: 00 | E84: 44205 | J84: =J85 -> 367.4
A85: =Приложение2!A31 -> Расходы на выплаты персоналу в целях обеспечения выполнения функций государственными (муниципальными) органами, казенными учреждениями, органами управления государственными внебюджетными фондами | B85: 65 | C85: 2 | D85: 00 | E85: 44205 | F85: 100 | J85: =J86 -> 367.4
A86: =Приложение2!A32 -> Расходы на выплаты персоналу государственных (муниципальных) органов | B86: 65 | C86: 2 | D86: 00 | E86: 44205 | F86: 120 | J86: =J87 -> 367.4
A87: =A81 -> Общегосударственные вопросы | B87: 65 | C87: 2 | D87: 00 | E87: 44205 | F87: 120 | G87: 01 | J87: =J88 -> 367.4
A88: =A82 -> Функционирование Правительства Российской Федерации, высших исполнительных органов государственной власти субъектов Российской Федерации, местных администраций | B88: 65 | C88: 2 | D88: 00 | E88: 44205 | F88: 120 | G88: 01 | H88: 04 | J88: =J89 -> 367.4
A89: =A78 -> Администрация Липкинского сельского поселения Ромодановского муниципального района Республики Мордовия | B89: 65 | C89: 2 | D89: 00 | E89: 44205 | F89: 120 | G89: 01 | H89: 04 | I89: 917 | J89: =Приложение2!J32 -> 367.4
A90: =Приложение2!A101 -> Непрограммные расходы главных распорядителей средств бюджета Липкинского сельского поселения Ромодановского муниципального района Республики Мордовия | B90: 89 | J90: =J91 -> 763.5 | K90: =K91 -> 175.2 | L90: =L91 -> 175.2
A91: =Приложение2!A102 -> Непрограммные расходы в рамках обеспечения деятельности главных распорядителей средств бюджета Липкинского сельского поселения Ромодановского муниципального района Республики Мордовия | B91: 89 | C91: 1 | J91: =J92+J98+J128+J104+J116+J140+J122+J134+J110 -> 763.5 | K91: =K92+K98+K128+K104 -> 175.2 | L91: =L92+L98+L128+L104 -> 175.2
A92: =Приложение2!A103 -> Доплаты к пенсиям муниципальных служащих Республики Мордовия | B92: 89 | C92: 1 | D92: 00 | E92: 03010 | J92: =J93 -> 170.3 | K92: =K93 -> 166.2 | L92: =L93 -> 166.2
A93: =Приложение2!A104 -> Социальное обеспечение и иные выплаты населению | B93: 89 | C93: 1 | D93: 00 | E93: 03010 | F93: 300 | J93: =J94 -> 170.3 | K93: =K94 -> 166.2 | L93: =L94 -> 166.2
A94: =Приложение2!A105 -> Публичные нормативные социальные выплаты гражданам | B94: 89 | C94: 1 | D94: 00 | E94: 03010 | F94: 310 | J94: =J95 -> 170.3 | K94: =K95 -> 166.2 | L94: =L95 -> 166.2
A95: =Приложение2!A99 -> Социальная политика | B95: 89 | C95: 1 | D95: 00 | E95: 03010 | F95: 310 | G95: 10 | J95: =J96 -> 170.3 | K95: =K96 -> 166.2 | L95: =L96 -> 166.2
A96: =Приложение2!A100 -> Пенсионное обеспечение | B96: 89 | C96: 1 | D96: 00 | E96: 03010 | F96: 310 | G96: 10 | H96: 01 | J96: =J97 -> 170.3 | K96: =K97 -> 166.2 | L96: =L97 -> 166.2
A97: =A83 -> Администрация Липкинского сельского поселения Ромодановского муниципального района Республики Мордовия | B97: 89 | C97: 1 | D97: 00 | E97: 03010 | F97: 310 | G97: 10 | H97: 01 | I97: 917 | J97: =Приложение2!J105 -> 170.3 | K97: =Приложение2!K105 -> 166.2 | L97: =Приложение2!L105 -> 166.2
A98: =Приложение2!A41 -> Мероприятия,связанные с муниципальным управлением | B98: 89 | C98: 1 | D98: 00 | E98: 41210 | J98: =J99 -> 6 | K98: =K99 -> 5 | L98: =L99 -> 5
A99: =Приложение2!A42 -> Иные бюджетные ассигнования | B99: 89 | C99: 1 | D99: 00 | E99: 41210 | F99: 800 | J99: =J100 -> 6 | K99: =K100 -> 5 | L99: =L100 -> 5
A100: =Приложение2!A43 -> Уплата налогов, сборов и иных платежей | B100: 89 | C100: 1 | D100: 00 | E100: 41210 | F100: 850 | J100: =J101 -> 6 | K100: =K101 -> 5 | L100: =L101 -> 5
...

Sheet прил5
C1: Приложение 5 к решению Совета депутатовЛипкинского сельского поселения Ромодановского муниципального района Республики Мордовия «О внесении изменений в решение Совета депутатов Липкинского сельского поселения Ромодановского муниципального района Республики Мордовия от 29 декабря 2022 г № 33 «О бюджете Липкинского сельского поселения Ромодановского муниципального района Республики Мордовия на 2023 год и на плановый период 2024 и 2025 годов»
C2: Приложение 6 к решению Совета депутатов Липкинского сельского поселения Ромодановского муниципального района Республики Мордовия «О бюджете Липкинского сельского поселения Ромодановского муниципального района Республики Мордовия на 2023 год и на плановый период 2024 и 2025 годов»
A3: ИСТОЧНИКИ ВНУТРЕННЕГО ФИНАНСИРОВАНИЯ ДЕФИЦИТА БЮДЖЕТА ЛИПКИНСКОГО СЕЛЬСКОГО ПОСЕЛЕНИЯ РОМОДАНОВСКОГО МУНИЦИПАЛЬНОГО РАЙОНА РЕСПУБЛИКИ МОРДОВИЯ НА 2023 ГОД И НА ПЛАНОВЫЙ ПЕРИОД 2024 и 2025 ГОДОВ
A7: Код | B7: Наименование кода группы, подгруппы, статьи, вида источника финансирования дефицитов бюджетов, кода классификации операций сектора государственного управления, относящихся к источникам финансирования дефицитов бюджетов Российской Федерации | C7: Сумма (тыс. руб.)
C8: 2023 год | D8: 2024 год | E8: 2025 год
A9: 1 | B9: 2 | C9: 3 | D9: 4 | E9: 5
A10: 000 01 00 00 00 00 0000 000 | B10: ИСТОЧНИКИ ВНУТРЕННЕГО ФИНАНСИРОВАНИЯ ДЕФИЦИТОВ БЮДЖЕТОВ | C10: =C27+C25 -> -42.7 | D10: =D11+D22+D14+D18 -> -110.5 | E10: =E11+E22+E14+E18 -> -147.3
A11: 000 01 02 00 00 00 0000 000 | B11: Кредиты кредитных организаций в валюте Российской Федерации | C11: =SUM(C12) -> 0 | D11: =SUM(D12) -> 0 | E11: =SUM(E12) -> 0
A12: 000 01 02 00 00 00 0000 700 | B12: Привлечение кредитов от кредитных организаций в валюте Российской Федерации | C12: =SUM(C13) -> 0 | D12: =SUM(D13) -> 0 | E12: =SUM(E13) -> 0
A13: 000 01 02 00 00 05 0000 710 | B13: Привлечение кредитов от кредитных организаций бюджетами муниципальных районов в валюте Российской Федерации | C13: 0 | D13: 0 | E13: 0
A14: 000 01 03 00 00 00 0000 000 | B14: Бюджетные кредиты из других бюджетов бюджетной системы Российской Федерации | C14: =C15 -> -73.7 | D14: =D15 -> -110.5 | E14: =E15 -> -147.3
A15: 000 01 03 01 00 00 0000 000 | B15: Бюджетные кредиты из других бюджетов бюджетной системы Российской Федерации в валюте Российской Федерации | C15: =C16 -> -73.7 | D15: =D16 -> -110.5 | E15: =E16 -> -147.3
A16: 000 01 03 01 00 00 0000 800 | B16: Погашение бюджетных кредитов, полученных из других бюджетов бюджетной системы Российской Федерации в валюте Российской Федерации | C16: =SUM(C17) -> -73.7 | D16: =SUM(D17) -> -110.5 | E16: =SUM(E17) -> -147.3
A17: 000 01 03 01 00 10 0000 810 | B17: Погашение бюджетами сельских поселений кредитов из других бюджетов бюджетной системы Российской Федерации в валюте Российской Федерации | C17: -73.7 | D17: -110.5 | E17: -147.3
A18: 000 01 06 00 00 00 0000 000 | B18: Иные источники внутреннего финансирования дефицитов бюджетов | C18: =C19 -> 0 | D18: =D19 -> 0 | E18: =E19 -> 0
A19: 000 01 06 05 00 00 0000 000 | B19: Бюджетные кредиты, предоставленные внутри страны в валюте Российской Федерации | C19: =C20 -> 0 | D19: =D20 -> 0 | E19: =E20 -> 0
A20: 000 01 06 05 02 00 0000 600 | B20: Возврат бюджетных кредитов, предоставленных другим бюджетам бюджетной системы Российской Федерации в валюте Российской Федерации | C20: =C21 -> 0 | D20: =D21 -> 0 | E20: =E21 -> 0
A21: 000 01 06 05 02 05 0000 640 | B21: Возврат бюджетных кредитов, предоставленных другим бюджетам бюджетной системы Российской Федерации из бюджетов муниципальных районов в валюте Российской Федерации | D21: 0 | E21: 0
A22: 000 01 05 00 00 00 0000 000 | B22: Изменения остатков средств на счетах по учету средств бюджета | C22: =C17-C10 -> -31 | D22: 0 | E22: 0
A23: 000 01 05 02 00 00 0000 500 | B23: Увеличение прочих остатков средств бюджетов | C23: =SUM(C24) -> -2526.8 | D23: =SUM(D24) -> -991.3 | E23: =SUM(E24) -> -1041.7
A24: 000 01 05 02 01 00 0000 510 | B24: Увеличение прочих остатков денежных средств бюджетов | C24: =SUM(C25) -> -2526.8 | D24: =SUM(D25) -> -991.3 | E24: =SUM(E25) -> -1041.7
A25: 000 01 05 02 01 10 0000 510 | B25: Увеличение прочих остатков денежных средств бюджетов сельских поселений | C25: -2526.8 | D25: -991.3 | E25: -1041.7
A26: 000 01 05 02 00 00 0000 600 | B26: Уменьшение прочих остатков средств бюджетов | C26: =C27 -> 2484.1 | D26: =SUM(D27) -> 991.3 | E26: =SUM(E27) -> 1041.7
A27: 000 01 05 02 01 00 0000 610 | B27: Уменьшение прочих остатков денежных средств бюджетов | C27: =SUM(C28) -> 2484.1 | D27: =SUM(D28) -> 991.3 | E27: =SUM(E28) -> 1041.7
A28: 000 01 05 02 01 05 0000 610 | B28: Уменьшение прочих остатков денежных средств бюджетов муниципальных районов | C28: 2484.1 | D28: 991.3 | E28: 1041.7
A29: 000 01 00 00 00 00 0000 000 | B29: Итого источников внутреннего финансирования дефицита бюджета Липкинского сельского поселения Ромодановского муниципального района Республики Мордовия | C29: 0 | D29: 0 | E29: 0
B30: собственные доходы | C30: 628.3 | D30: 576.9 | E30: 582.3
